 Dungeon Crawl Stone Soup version 0.26-a0-661-g406de6ba63 (webtiles) character file.

Game seed: 8258571807723343286

2947 timneilson the Blocker (level 9, -7/55 HPs)
             Began as a Gargoyle Fighter on Oct 8, 2020.
             Mangled by an orc warrior
             ... wielding a +0 battleaxe
              (13 damage)
             ... on level 6 of the Dungeon.
             The game lasted 00:16:14 (8711 turns).

timneilson the Blocker (Gargoyle Fighter)           Turns: 8711, Time: 00:16:14

Health: -7/55      AC: 21    Str: 24    XL:     9   Next: 80%
Magic:  9/9        EV:  7    Int:  8    God:
Gold:   436        SH: 12    Dex:  9    Spells: 8/8 levels left

rFire    . . .     SeeInvis .   p - +0 scimitar
rCold    . . .     Faith    .   c - +1 kite shield
rNeg     + . .     Spirit   .   d - +0 chain mail
rPois    ∞         Reflect  .   (no helmet)
rElec    +         Harm     .   s - +0 cloak
rCorr    +         Rampage  .   o - +0 pair of gloves
MR       +....                  w - +0 pair of boots
Stlth    ..........             (no amulet)
HPRegen  0.18/turn              i - ring of protection from magic
MPRegen  0.11/turn              l - ring of resist corrosion

@: no status effects
A: negative energy resistance 1, electricity resistance, unbreathing,
petrification resistance, rot immunity, AC +6
a: no special abilities


You were on level 6 of the Dungeon.
You visited 1 branch of the dungeon, and saw 7 of its levels.
You also visited: Sewer.

You collected 436 gold pieces.

Inventory:

Hand Weapons
 a - a +1 long sword
 p - a +0 scimitar (weapon)
Armour
 c - a +1 kite shield (worn)
 d - a +0 chain mail (worn)
 o - a +0 pair of gloves (worn)
 s - a +0 cloak (worn)
 w - a +0 pair of boots (worn)
Jewellery
 i - a ring of protection from magic (left hand)
 l - a ring of resist corrosion (right hand)
Wands
 f - a wand of polymorph (7)
 x - a wand of flame (19)
 y - a wand of acid (11)
Scrolls
 b - a scroll of remove curse
 e - 10 scrolls of teleportation
 n - 3 scrolls of fog
 r - a scroll of enchant weapon
 u - a scroll of amnesia
 v - a scroll of enchant armour
Potions
 g - a potion of cancellation
 h - a potion of berserk rage {unknown}
 j - a potion of brilliance
 k - a potion of resistance
 m - a potion of haste
 q - 2 potions of flight
 t - a potion of heal wounds {unknown}
 z - a potion of might
 A - a potion of magic {unknown}


   Skills:
 + Level 6.1 Fighting
 * Level 6.4 Long Blades
 * Level 8.2 Armour
 * Level 8.2 Shields
 + Level 3.1 Evocations


You had 8 spell levels left.
You didn't know any spells.
Your spell library was empty.

Dungeon Overview and Level Annotations

Branches:
Dungeon (7/15)              Sewer (visited)
 Temple: D:4-7

Altars:
Nemelex Xobeh

Annotations:
D:5 Prince Ribbit


Innate Abilities, Weirdness & Mutations

You are resistant to torment.
Your stone body is resilient. (AC +6)
You are immune to poison.
You resist negative energy. (rN+)
You are resistant to electric shocks. (rElec)
You can survive without breathing.
You are immune to petrification.
You are immune to rotting.


Message History

The worker ant is almost dead.
You block the worker ant's attack.
Unknown command.
You barely miss the worker ant.
The worker ant is almost dead.
You block the worker ant's attack. You block the orc warrior's attack.
The worker ant closely misses you.
You closely miss the worker ant.
The worker ant is almost dead.
You block the orc warrior's attack. You block the worker ant's attack.
Unknown command.
You closely miss the worker ant.
The worker ant is almost dead.
You block the worker ant's attack. The orc warrior barely misses you.
You riposte.
You barely miss the orc warrior. You barely miss the worker ant.
The worker ant is almost dead.
You block the worker ant's attack.
The orc warrior hits you with a +0 battleaxe!
You die...

#.. #...#................
+...#................
######.#........#...#
#...##...##..##.#####
#........#....#.#
......#...)....#....#.#
#.....#........#.####.# .
#....##........#....#.#
..##....##...@....######.#
........#...oB...........#
........#........#.......#
#..[.##....####....#..#
##....##....####....####
#.....'..............#
#.....#..............#
#.....#..............#
######################


You could see an orc warrior and a worker ant.

Vanquished Creatures
  Pikel (D:5)
  Grinder (D:5)
  Duvessa (D:6)
  2 sky beasts (D:6)
  A centaur (D:7)
  2 ogres
  2 big kobolds
  Blork the orc (D:6)
  Dowan (D:6)
  3 scorpions
  6 killer bees
  3 wights (D:5)
  2 centaur zombies
  3 hounds
  An orc priest (D:3)
  3 orc wizards
  2 iguanas
  Natasha (twice) (D:3)
  2 worker ants
  Ijyb (D:5)
  A killer bee zombie (D:5)
  A mummy (D:6)
  13 gnolls
  7 adders
  2 river rats (Sewer)
  A shadow imp (D:5)
  A white imp (D:5)
  An ufetubus (D:4)
  2 oozes
  4 worms
  A dart slug (D:1)
  7 leopard geckos
  23 orcs
  10 giant cockroaches
  38 goblins
  25 hobgoblins
  8 jackals
  3 quokkas
  A ball python (D:1)
  6 bats
  6 frilled lizards
  A giant cockroach zombie (D:5)
  3 hobgoblin zombies (D:6)
  10 kobolds
  An orc zombie (D:6)
  6 rats
222 creatures vanquished.

Vanquished Creatures (others)
  An orc wizard (D:7)
1 creature vanquished.

Grand Total: 223 creatures vanquished

Notes
Turn   | Place    | Note
-------+----------+-------------------------------------------
     0 | D:1      | timneilson the Gargoyle Fighter began the quest for the
                  | Orb.
     0 | D:1      | Reached XP level 1. HP: 14/14 MP: 1/1
   381 | D:1      | You fall into a shaft and drop 1 floor!
   394 | D:2      | Reached XP level 2. HP: 19/19 MP: 2/2
   416 | D:2      | Reached XP level 3. HP: 12/23 MP: 3/3
  1071 | D:1      | Reached XP level 4. HP: 29/29 MP: 4/4
  1710 | D:2      | Found a sparkling altar of Nemelex Xobeh.
  2402 | D:3      | Reached XP level 5. HP: 23/33 MP: 5/5
  2507 | D:3      | Noticed Natasha
  2509 | D:3      | Killed Natasha
  2548 | D:3      | Reached XP level 6. HP: 11/38 MP: 6/6
  3268 | D:3      | Reached skill level 5 in Shields
  3624 | D:3      | Reached skill level 5 in Armour
  3886 | D:3      | Reached XP level 7. HP: 18/44 MP: 7/7
  4464 | D:3      | Noticed Natasha
  4478 | D:3      | Killed Natasha
  5010 | D:4      | Found a glowing drain.
  5032 | Sewer    | Entered a sewer
  5297 | Sewer    | Found a white marble altar of Elyvilon.
  5475 | D:4      | You fall into a shaft and drop 3 floors!
  5486 | D:7      | Reached XP level 8. HP: 37/48 MP: 8/8
  5603 | D:6      | Noticed Duvessa
  5605 | D:6      | Noticed Dowan
  5608 | D:6      | Noticed Blork the orc
  5626 | D:5      | Entered Level 5 of the Dungeon
  5814 | D:5      | Reached skill level 5 in Fighting
  5976 | D:4      | Reached skill level 1 in Evocations
  6521 | D:5      | Noticed Prince Ribbit
  6757 | D:5      | Noticed Pikel
  6764 | D:5      | Reached skill level 5 in Long Blades
  6776 | D:5      | Killed Pikel
  6776 | D:5      | Reached XP level 9. HP: 13/54 MP: 9/9
  7291 | D:5      | Noticed Ijyb
  7296 | D:5      | Killed Ijyb
  7317 | D:5      | Noticed Grinder
  7336 | D:5      | Killed Grinder
  8207 | D:6      | Killed Blork the orc
  8217 | D:6      | Killed Duvessa
  8230 | D:6      | Killed Dowan
  8711 | D:6      | Mangled by an orc warrior

Illustrated notes

Levels and vault maps discovered:
D:1:      minmay_arrival_widening_spiral_wide, layout_basic
D:2:      layout_basic, overflow_temple_1_default
D:3:      minmay_goblin_kobold_castle, layout_basic,
          nicolae_overflow_hidden_temple, uniq_natasha
D:4:      layout_basic, gup_sewer_entry_pipe
D:5:      layout_layer_cave, uniq_ijyb, uniq_grinder, uniq_prince_ribbit1,
          uniq_pikel
D:6:      layout_gridville, minmay_temple_entry_fiery, serial_shops,
          kennysheep_little_box, minmay_mini_ossuary, uniq_blork_the_orc,
          uniq_duvessa
D:7:      layout_loops_ring, grunt_temple_overflow_octagram, serial_shops,
          nicolae_shop_overgrown_old_shop, minmay_misc_feat_tiny

Skill      XL: |  1  2  3  4  5  6  7  8  9 |
---------------+----------------------------+-----
Long Blades    | 2 3 4 5 6 |  6.4
Shields        | 4 5 6 7 8 |  8.2
Armour         | 4 5 6 7 8 |  8.2
Fighting       | 4 5 6 |  6.1
Evocations     | 2 3 |  3.1

Action                   |  1- 3 |  4- 6 |  7- 9 || total
-------------------------+-------+-------+-------++-------
Melee: Long sword        |   112 |   392 |   102 ||   606
       Scimitar          |       |       |   476 ||   476
  Use: Scroll            |       |    13 |     3 ||    16
       Potion            |       |     2 |     5 ||     7
Armor: Scale mail        |    61 |   271 |   127 ||   459
       Chain mail        |       |       |   278 ||   278
Dodge: Dodged            |    34 |   174 |   194 ||   402
Block: Kite shield       |    61 |   341 |   476 ||   878
       Rpst.: Long sword |    10 |    55 |     6 ||    71
       Scimitar          |       |       |    49 ||    49

Table legend: (Time is in decaauts)
 A = Elapsed time spent in this place.
 B = Non-inter-level travel time spent in this place.
 C = Inter-level travel time spent in this place.
 D = Time resting spent in this place.
 E = Time spent auto-exploring this place.
 F = Levels seen in this place.
 G = Mean time per level.
                   A        B        C        D        E       F      G
               +--------+--------+--------+--------+--------+-----+--------+
         Total |   8994 |   8860 |    134 |    519 |   5871 |   8 | 1124.2 |
       Dungeon |   8624 |   8490 |    134 |    519 |   5611 |   7 | 1232.0 |
         Sewer |    369 |    369 |      0 |      0 |    259 |   1 |  369.0 |
               +--------+--------+--------+--------+--------+-----+--------+

Top non-repeatable levels by time:
     D:3: 2505 daAuts
     D:5: 1953 daAuts
     D:2: 1402 daAuts
     D:1: 990 daAuts
     D:4: 935 daAuts
     D:6: 707 daAuts
   Sewer: 369 daAuts
     D:7: 129 daAuts
